 Dungeon Crawl Stone Soup version 0.24.0-13-gcf9b319 (webtiles) character file.

Game seed: 10965120951734501384, levelgen mode: deterministic

17769 silenth the Jinx (level 12, -9/89 HPs)
             Began as a Vampire Enchanter on Apr 16, 2020.
             Was an Elder of Kikubaaqudgha.
             Mangled by a phantasmal warrior (27 damage)
             ... on level 11 of the Dungeon.
             The game lasted 00:27:30 (11878 turns).

silenth the Jinx (Vampire Enchanter)               Turns: 11878, Time: 00:27:31

Health: -9/89      AC: 12    Str:  7    XL:     12   Next: 21%
Magic:  21/24      EV: 18    Int: 22    God:    Kikubaaqudgha [****..]
Gold:   884        SH:  0    Dex: 15    Spells: 2/27 levels left

rFire    . . .     SeeInvis +   l - +3 short sword (drain)
rCold    . . .     Gourm    .   (no shield)
rNeg     . . .     Faith    .   J - +1 robe {MR+}
rPois    .         Spirit   .   s - +1 helmet
rElec    .         Reflect  .   v - +2 cloak
rCorr    .         Harm     .   y - +1 pair of gloves
MR       +++..                  f - +1 pair of boots
Stlth    ++++......             e - amulet of magic regeneration
HPRegen  0.44/turn              B - +4 ring of evasion
MPRegen  0.44/turn              h - ring of protection from magic

@: regenerating quickly
A: no food, fangs 3, see invisible, unbreathing
a: Exsanguinate, Receive Corpses, Renounce Religion


You were on level 11 of the Dungeon.
You worshipped Kikubaaqudgha.
Kikubaaqudgha was greatly pleased with you.
You were alive.

You visited 2 branches of the dungeon, and saw 12 of its levels.

You collected 884 gold pieces.

Inventory:

Hand Weapons
 a - a +1 dagger
 l - a +3 short sword of draining (weapon)
 w - a +0 rapier
 z - a +0 lajatang
 I - a +3 long sword
Missiles
 d - 39 poisoned darts (quivered)
 u - a throwing net
 O - 2 atropa-tipped darts
Armour
 b - a +0 robe
 f - a +1 pair of boots (worn)
 q - a scarf of cloud immunity
 s - a +1 helmet (worn)
 v - a +2 cloak (worn)
 y - a +1 pair of gloves (worn)
 J - a +1 robe of magic resistance (worn)
 K - a +1 robe of positive energy
 L - the +1 ring mail "Fianuatt" {rElec rC+ rN+ Dex+3}
   (You found it on level 7 of the Dungeon)

   It affects your dexterity (+3).
   It protects you from cold.
   It insulates you from electricity.
   It protects you from negative energy.
 Q - a +1 robe of cold resistance
Jewellery
 e - an amulet of magic regeneration (around neck)
 h - a ring of protection from magic (right hand)
 B - a +4 ring of evasion (left hand)
 E - an uncursed ring of fire
 F - an uncursed ring of poison resistance
 P - an uncursed ring of ice
 R - an uncursed ring of protection from cold
Wands
 n - a wand of polymorph (10)
 C - a wand of clouds (1)
 D - a wand of flame (50)
 G - a wand of scattershot (2)
 M - a wand of disintegration (17)
Scrolls
 c - a scroll of fear
 i - 11 scrolls of identify
 r - 7 scrolls of remove curse
 x - 3 scrolls of immolation
 H - a scroll of amnesia
Potions
 j - 2 potions of lignification
 k - 4 potions of mutation
 m - 2 potions of berserk rage
 o - 3 potions of heal wounds
 p - 6 potions of curing
 t - 3 potions of might
 A - a potion of resistance
 N - a potion of magic


   Skills:
 + Level 6.8 Fighting
 - Level 4.0 Short Blades
 - Level 2.4 Armour
 - Level 4.1 Dodging
 - Level 8.3 Stealth
 - Level 8.0 Spellcasting
 * Level 4.2 Conjurations
 - Level 10.0 Hexes
 - Level 3.0 Charms
 * Level 9.2 Necromancy
 - Level 4.0 Translocations
 - Level 4.0 Ice Magic
 * Level 5.7 Earth Magic
 - Level 1.0 Evocations


You had 2 spell levels left.
You knew the following spells:

 Your Spells              Type           Power        Failure   Level  Hunger
a - Corona                Hex            ######.      1%          1    N/A
b - Ensorcelled Hibernat  Hex/Ice        #####.       1%          2    N/A
c - Confuse               Hex            ######..     1%          3    N/A
d - Tukima's Dance        Hex            ######..     1%          3    N/A
e - Blink                 Tloc           N/A          2%          2    N/A
f - Animate Skeleton      Necr           N/A          1%          1    N/A
g - Regeneration          Chrm/Necr      #####.....   1%          3    N/A
h - Bolt of Draining      Conj/Necr      #####.....   13%         5    N/A
i - Borgnjor's Vile Clut  Necr/Erth      #####.....   10%         5    N/A

Your spell library contained the following spells:

 Spells                   Type           Power        Failure   Level  Hunger
 Magic Dart               Conj           ####         1%          1    N/A
 Pain                     Necr           ####         1%          1    N/A
 Slow                     Hex            ######..     1%          2    N/A
 Sublimation of Blood     Necr           #####.....   1%          2    N/A
 Sting                    Conj/Pois      ###.         3%          1    N/A
 Call Imp                 Summ           #.......     11%         2    N/A
 Poisonous Vapours        Pois/Air       #.....       11%         2    N/A
 Dazzling Spray           Conj/Hex       #####.       1%          3    N/A
 Dispel Undead            Necr           #####...     4%          5    N/A
 Conjure Flame            Conj/Fire      ###.....     10%         3    N/A
 Mephitic Cloud           Conj/Pois/Air  ###.....     12%         3    N/A
 Excruciating Wounds      Chrm/Necr      #####.....   17%         5    N/A
 Olgreb's Toxic Radiance  Pois           #.......     58%         4    N/A
 Simulacrum               Ice/Necr       #####.....   58%         6    N/A
 Venom Bolt               Conj/Pois      ###.......   65%         5    N/A

Dungeon Overview and Level Annotations

Branches:
Dungeon (11/15)            Temple (1/1) D:7            Lair (0/6) D:10
    Orc (0/2) D:10

Altars:
Cheibriados
Dithmenos
Elyvilon
Hepliaklqana
Kikubaaqudgha
Okawaru
Sif Muna
Wu Jian
Xom
Zin
The Shining One

Shops:
D:8 =   D:9 =

Annotations:
D:5 2 runed translucent doors


Innate Abilities, Weirdness & Mutations

You do not eat.
Your natural rate of healing is unusually fast.
You have razor-sharp teeth.
You have supernaturally acute eyesight. (SInv)
You can survive without breathing.


Message History

Okay, then.
Okay, then.
Kikubaaqudgha delivers you corpses!
You see here a cyclops corpse.
Casting: Confuse (safe; 1% risk of failure)
Confirm with . or Enter, or press ? or * to list all spells.
You attempt to give life to the dead...
Before your eyes, flesh is ripped from the corpse!
The dead are walking!
You see here a chunk of flesh.
The phantasmal warrior hits you!
* * * LOW HITPOINT WARNING * * *
You see here a yak corpse.
Casting: Animate Skeleton (safe; 1% risk of failure)
Confirm with . or Enter, or press ? or * to list all spells.
You attempt to give life to the dead...
Before your eyes, flesh is ripped from the corpse!
The dead are walking!
The phantasmal warrior hits you!!
You die...
Kikubaaqudgha rasps: "You have failed me!
Welcome... death!"

▒▒▒▒▒▒▒▒▒▒▒▒▒▒▒▒.▒ #....#
#.#. #......))[..# ####)#
#..# #.#######..## #.# #.#.
#[# #(## #.# #.#. #.# #.# #[#
#.#. #.# #.# #|######.#. #.#
#.# ######...))..... ##(##
#.###...##..#####.#.
#...######.%@W...............
#........Z...Z(..##..#.######
#...############.#...#...#
##### #.#.#####.# #.#...#...#
#.###.#.### #############.#
#...# #.......(.....# #..##
#.############# #..#


You could see a phantasmal warrior, a friendly yak skeleton and a friendly
cyclops skeleton.

Vanquished Creatures
  Gastronok (D:8)
  An orc warlord (D:11)
  Snorg (D:10)
  Fannar (D:11)
  2 yaktaur captains (D:11)
  2 two-headed ogres
  Nergalle (D:10)
  2 unseen horrors (D:11)
  An orc knight (D:11)
  A deep elf mage (D:11)
  An orc sorcerer (D:11)
  A cyclops (D:11)
  The ghost of EndlessMike the Insei, a novice DsWn (D:6)
  A centaur skeleton (D:10)
  A komodo dragon (D:11)
  2 trolls
  A hornet (D:11)
  2 hippogriffs (D:11)
  A vampire mosquito (D:11)
  Edmund (D:5)
  A water moccasin (D:9)
  3 sky beasts
  5 orc warriors
  2 necrophages (D:11)
  An eye of draining (D:11)
  3 phantoms
  5 wolves
  3 ice beasts
  4 ogres
  5 centaurs
  A crocodile (shapeshifter) (D:11)
  12 bullfrogs
  A hornet simulacrum (D:11)
  3 scorpions
  A wight (D:6)
  2 electric eels (D:10)
  4 howler monkeys
  5 crimson imps
  A bullfrog zombie (D:5)
  A bullfrog skeleton (D:6)
  10 hounds
  3 orc priests
  A centaur zombie (D:7)
  4 jellies
  8 orc wizards
  6 worker ants
  A killer bee zombie (D:7)
  A worker ant zombie (D:11)
  17 adders
  3 gnolls (D:6)
  6 shadow imps
  6 oozes
  2 adder zombies
  A worm (D:3)
  3 dart slugs
  2 leopard geckos
  38 orcs
  2 giant cockroaches
  6 goblins
  6 hobgoblins
  8 jackals
  12 kobolds
  4 quokkas
  2 ball pythons
  10 bats
  6 frilled lizards
  A frilled lizard (shapeshifter) (D:11)
  A jackal zombie (D:5)
  2 quokka skeletons
  6 rats
266 creatures vanquished.

Vanquished Creatures (collateral kills)
  A two-headed ogre (D:8)
  A manticore (D:11)
  Joseph (D:10)
  Sigmund (D:5)
  An orc warrior (D:10)
  A black bear (D:9)
  3 ogres
  A big kobold (D:7)
  8 wights
  2 crimson imps
  3 orc priests
  2 orc wizards
  A hound skeleton (D:8)
  2 adders
  13 orcs
41 creatures vanquished.

Vanquished Creatures (others)
  Erica (D:10)
  6 dancing weapons
  A sky beast (D:10)
  2 electric eels (D:10)
  4 orcs
14 creatures vanquished.

Grand Total: 321 creatures vanquished

Notes
Turn   | Place    | Note
-------+----------+-------------------------------------------
     0 | D:1      | silenth the Vampire Enchanter began the quest for the Orb.
     0 | D:1      | Reached XP level 1. HP: 13/13 MP: 3/3
    88 | D:1      | HP: 1/13 [jackal (2)]
   166 | D:1      | Reached skill level 5 in Hexes
   190 | D:1      | Reached XP level 2. HP: 19/19 MP: 5/5
   276 | D:1      | Learned a level 2 spell: Ensorcelled Hibernation
   574 | D:1      | Reached XP level 3. HP: 24/24 MP: 6/6
   586 | D:1      | Learned a level 3 spell: Confuse
   884 | D:2      | Reached skill level 1 in Ice Magic
   923 | D:2      | Found a snail-covered altar of Cheibriados.
  1389 | D:2      | Reached XP level 4. HP: 30/30 MP: 7/7
  1583 | D:2      | Found a white marble altar of Elyvilon.
  1586 | D:2      | Found a hazy altar of Hepliaklqana.
  1807 | D:3      | Reached skill level 6 in Hexes
  2006 | D:3      | You fall into a shaft and drop 1 floor!
  2335 | D:3      | Found an iron altar of Okawaru.
  2337 | D:3      | Found an ornate altar of the Wu Jian Council.
  2648 | D:4      | Reached skill level 5 in Stealth
  2648 | D:4      | Reached skill level 2 in Ice Magic
  2648 | D:4      | Reached XP level 5. HP: 35/35 MP: 6/9
  2653 | D:4      | Learned a level 3 spell: Tukima's Dance
  3004 | D:4      | Reached skill level 3 in Spellcasting
  3114 | D:4      | Noticed an ogre
  3124 | D:4      | Killed an ogre
  3124 | D:4      | Reached skill level 2 in Short Blades
  3124 | D:4      | Reached skill level 7 in Hexes
  3124 | D:4      | Reached skill level 3 in Ice Magic
  3124 | D:4      | Reached XP level 6. HP: 36/41 MP: 6/10
  3464 | D:5      | Entered Level 5 of the Dungeon
  3560 | D:5      | Reached skill level 8 in Hexes
  3560 | D:5      | Reached XP level 7. HP: 46/46 MP: 7/11
  3672 | D:5      | Reached skill level 4 in Ice Magic
  3724 | D:5      | Found a shimmering altar of Xom.
  3829 | D:5      | Found a runed translucent door.
  3837 | D:5      | Reached skill level 1 in Fighting
  3837 | D:5      | Reached skill level 3 in Short Blades
  3838 | D:5      | Found a runed translucent door.
  3888 | D:5      | Reached skill level 4 in Spellcasting
  3937 | D:5      | Noticed Sigmund
  3946 | D:5      | Killed Sigmund
  3964 | D:5      | Noticed Edmund
  3969 | D:5      | Killed Edmund
  3969 | D:5      | Reached skill level 2 in Fighting
  4050 | D:5      | Reached skill level 4 in Short Blades
  4050 | D:5      | Reached XP level 8. HP: 54/56 MP: 13/15
  4414 | D:6      | Found a glowing golden altar of the Shining One.
  4644 | D:6      | Reached skill level 5 in Spellcasting
  4713 | D:6      | Learned a level 2 spell: Blink
  4845 | D:6      | Reached skill level 1 in Evocations
  5028 | D:6      | Found a runed translucent door.
  5033 | D:6      | Noticed EndlessMike's ghost (novice DsWn)
  5427 | D:6      | Reached skill level 9 in Hexes
  5563 | D:6      | Reached skill level 6 in Stealth
  5582 | D:6      | Killed EndlessMike's ghost
  5582 | D:6      | Reached skill level 3 in Fighting
  5643 | D:7      | Found a staircase to the Ecumenical Temple.
  5652 | D:7      | Reached skill level 6 in Spellcasting
  5660 | Temple   | Entered the Ecumenical Temple
  5670 | Temple   | Became a worshipper of Kikubaaqudgha
  5759 | D:7      | Reached XP level 9. HP: 64/64 MP: 18/18
  5763 | D:7      | Got a twisted ring mail
  5782 | D:7      | Identified the +1 ring mail "Fianuatt" {rElec rC+ rN+
                  | Dex+3} (You found it on level 7 of the Dungeon)
  5937 | D:7      | Reached skill level 10 in Hexes
  6133 | D:7      | Reached skill level 1 in Necromancy
  6542 | D:8      | Noticed Gastronok
  6638 | D:8      | Killed Gastronok
  6638 | D:8      | Reached skill level 4 in Fighting
  6638 | D:8      | Reached skill level 8 in Stealth
  6638 | D:8      | Reached skill level 7 in Spellcasting
  6638 | D:8      | Reached skill level 3 in Necromancy
  6638 | D:8      | Reached skill level 2 in Translocations
  6752 | D:8      | Reached * piety under Kikubaaqudgha
  6752 | D:8      | Identified Kikubaaqudgha's Tome of Necromancy
                  | (Kikubaaqudgha gifted it to you on level 8 of the Dungeon)
  6752 | D:8      | Received a gift from Kikubaaqudgha
  6752 | D:8      | Reached XP level 10. HP: 57/73 MP: 15/21
  6756 | D:8      | Learned a level 1 spell: Animate Skeleton
  6760 | D:8      | Learned a level 3 spell: Regeneration
  6812 | D:8      | Found Hora's Jewellery Shoppe.
  6851 | D:8      | Noticed a two-headed ogre
  6883 | D:8      | Killed a two-headed ogre
  6978 | D:8      | Reached skill level 1 in Charms
  6978 | D:8      | Reached skill level 4 in Necromancy
  7677 | D:9      | Reached skill level 3 in Translocations
  7688 | D:9      | Reached skill level 2 in Charms
  7709 | D:9      | Reached skill level 1 in Armour
  7936 | D:9      | Reached skill level 5 in Necromancy
  7944 | D:9      | Reached skill level 8 in Spellcasting
  7972 | D:9      | Reached skill level 5 in Fighting
  7981 | D:9      | Reached ** piety under Kikubaaqudgha
  7989 | D:9      | Reached skill level 3 in Dodging
  8004 | D:9      | Noticed a two-headed ogre
  8025 | D:9      | Killed a two-headed ogre
  8135 | D:9      | Found Eresi's Jewellery Shop.
  8270 | D:10     | Entered Level 10 of the Dungeon
  8275 | D:10     | Noticed Joseph
  8472 | D:10     | Reached skill level 3 in Charms
  8488 | D:10     | Reached skill level 2 in Armour
  8524 | D:10     | Killed Joseph
  8524 | D:10     | Reached skill level 6 in Necromancy
  8701 | D:10     | Found a staircase to the Orcish Mines.
  8730 | D:10     | Found a staircase to the Lair.
  8834 | D:10     | Noticed Erica
  8866 | D:10     | Killed Erica
  8868 | D:10     | Reached *** piety under Kikubaaqudgha
  8868 | D:10     | Identified Kikubaaqudgha's Papyrus of Unholy Rites
                  | (Kikubaaqudgha gifted it to you on level 10 of the Dungeon)
  8868 | D:10     | Received a gift from Kikubaaqudgha
  8881 | D:10     | Reached skill level 4 in Dodging
  8884 | D:10     | Reached XP level 11. HP: 71/80 MP: 23/23
  8893 | D:10     | Learned a level 5 spell: Bolt of Draining
  8899 | D:10     | Learned a level 5 spell: Borgnjor's Vile Clutch
  9037 | D:10     | Noticed Nergalle
  9103 | D:10     | Noticed Snorg
  9298 | D:10     | Killed Snorg
  9298 | D:10     | Reached skill level 4 in Translocations
  9298 | D:10     | Reached skill level 1 in Earth Magic
  9362 | D:10     | Reached skill level 1 in Conjurations
  9414 | D:10     | Reached skill level 7 in Necromancy
  9558 | D:10     | Killed Nergalle
  9558 | D:10     | Reached skill level 2 in Earth Magic
  9945 | D:11     | Noticed an unseen horror
  9950 | D:11     | Killed an unseen horror
  9950 | D:11     | Reached skill level 2 in Conjurations
  9950 | D:11     | Reached skill level 3 in Earth Magic
 10103 | D:11     | Noticed a two-headed ogre
 10132 | D:11     | Killed a two-headed ogre
 10132 | D:11     | Reached skill level 6 in Fighting
 10227 | D:11     | Noticed Fannar
 10275 | D:11     | Killed Fannar
 10577 | D:11     | Noticed an unseen horror
 10577 | D:11     | Noticed an unseen horror
 10582 | D:11     | Killed an unseen horror
 10582 | D:11     | Reached skill level 8 in Necromancy
 10582 | D:11     | Reached skill level 4 in Earth Magic
 10588 | D:11     | Reached **** piety under Kikubaaqudgha
 10588 | D:11     | Reached skill level 3 in Conjurations
 10589 | D:11     | an unseen horror changed into a troll
 10637 | D:11     | Noticed an orc warlord
 10644 | D:11     | Noticed an orc knight
 10647 | D:11     | Noticed an orc sorcerer
 10682 | D:11     | Killed an orc sorcerer
 10864 | D:11     | Identified the +10 hand crossbow of World's End {elec,
                  | rPois rC- MP-9 Str+7}
 10923 | D:11     | Killed an orc warlord
 10924 | D:11     | Reached skill level 5 in Earth Magic
 10924 | D:11     | Reached XP level 12. HP: 24/89 MP: 24/24
 11093 | D:11     | Noticed a yaktaur captain
 11429 | D:11     | Killed a yaktaur captain
 11429 | D:11     | Reached skill level 4 in Conjurations
 11429 | D:11     | Reached skill level 9 in Necromancy
 11608 | D:11     | Noticed a yaktaur captain
 11617 | D:11     | Killed a yaktaur captain
 11826 | D:11     | Noticed a tengu reaver
 11878 | D:11     | Mangled by a phantasmal warrior

Levels and vault maps discovered:
D:1:      minmay_arrival_widening_spiral_wide, layout_loops_cross
D:2:      layout_basic, minitemple
D:3:      layout_loops_ring, chequers_temple_overflow_statue_of_worship,
          minmay_misc_feat_columns, lemuel_statue_altar
D:4:      layout_cave_pods, first_ration
D:5:      lemuel_insect_pit, layout_gridville, basic_altar,
          sigmund_edmund_badplayer
D:6:      layout_basic, old_standard_altar, ebering_ghost_sewer_d
D:7:      layout_basic, minmay_temple_entry_offerings
D:8:      layout_loops_ring, serial_shops, shop_fountains,
          hangedman_little_slice_of_home, kennysheep_pointless_box,
          uniq_gastronok
D:9:      minmay_octagon_keep, layout_rooms, serial_shops,
          nicolae_shop_competitors_out_of_business
D:10:     layout_stronghold, erik_lair_island, hiddenorc2_lemuel, uniq_joseph,
          uniq_erica, uniq_nergalle, uniq_snorg
D:11:     minmay_tearing_corner, layout_loops_ring, uniq_fannar
Temple:   regret_index_temple_sphere_string

Skill      XL: |  1  2  3  4  5  6  7  8  9 10 11 12 |
---------------+-------------------------------------+-----
Hexes          | 5 6 7 8 9 10 | 10.0
Ice Magic      | 1 2 3 4 |  4.0
Stealth        | 5 6 8 |  8.3
Spellcasting   | 3 4 6 7 8 |  8.0
Short Blades   | 2 4 |  4.0
Fighting       | 2 3 4 5 6 |  6.8
Evocations     | 1 |  1.0
Necromancy     | 3 6 8 9 |  9.2
Translocations | 2 3 4 |  4.0
Charms         | 3 |  3.0
Armour         | 2 |  2.4
Dodging        | 4 |  4.1
Earth Magic    | 5 |  5.7
Conjurations   | 3 4 |  4.2

Action                   |  1- 3 |  4- 6 |  7- 9 | 10-12 || total
-------------------------+-------+-------+-------+-------++-------
Melee: Dagger            |    96 |       |       |       ||    96
       Bite              |     6 |    10 |    27 |    68 ||   111
       Short sword       |    30 |   137 |   271 |   657 ||  1095
 Cast: Ensorcelled Hiber |     3 |     8 |    11 |    34 ||    56
       Tukima's Dance    |       |     5 |    15 |    45 ||    65
       Confuse           |       |     6 |    20 |    71 ||    97
       Animate Skeleton  |       |       |       |     6 ||     6
       Blink             |       |       |       |     4 ||     4
       Borgnjor's Vile C |       |       |       |     1 ||     1
Invok: Receive Corpses   |       |       |       |     1 ||     1
Evoke: Wand              |       |       |     1 |    13 ||    14
  Use: Scroll            |       |     5 |    16 |     4 ||    25
       Potion            |       |     1 |       |       ||     1
 Stab: Sleeping          |    13 |    16 |    13 |    39 ||    81
       Distracted        |       |     1 |     1 |     3 ||     5
       Confused          |       |     1 |    19 |    39 ||    59
Armor: Robe              |    27 |    32 |    33 |    76 ||   168
       Ring mail         |       |       |    42 |   152 ||   194
Dodge: Dodged            |    81 |   114 |   215 |   551 ||   961
